 Dungeon Crawl Stone Soup version 0.27.1 (webtiles) character file.

Game seed: 9494698721246567514

125 Atelerd the Digger (level 5, 0/31 HPs)
             Began as an Octopode Earth Elementalist on Sept 4, 2021.
             Killed by nerve-wracking pain
             ... invoked by Grinder
              (11 damage)
             ... on level 3 of the Dungeon.
             The game lasted 00:02:52 (3427 turns).

Atelerd the Digger (Octopode Earth Elementalist)    Turns: 3427, Time: 00:02:52

Health: 0/31       AC:  1    Str:  7    XL:     5   Next: 9%
Magic:  7/9        EV: 13    Int: 19    God:
Gold:   101        SH:  0    Dex: 18    Spells: 9/10 levels left

rFire    . . .     SeeInvis .   f - +1 dagger (holy)
rCold    . . .     Faith    .   (no shield)
rNeg     . . .     Spirit   .   (helmet restricted)
rPois    .         Reflect  .   (no amulet)
rElec    .         Harm     .   d - ring of resist corrosion
rCorr    +         Rampage  .   k - +6 ring of dexterity
Will     .....                  (no ring)
Stlth    +++.......             (no ring)
HPRegen  0.10/turn              (no ring)
MPRegen  0.11/turn              (no ring)
                                (no ring)
                                (no ring)

@: no status effects
A: almost no armour, amphibious, 8 rings, camouflage 1, gelatinous body 1,
(nimble swimmer 1), tentacles
a: no special abilities


You were on level 3 of the Dungeon.
You visited 1 branch of the dungeon, and saw 3 of its levels.

You collected 101 gold pieces.

Inventory:

Hand Weapons
 f - a +1 dagger of holy wrath (weapon)
Missiles
 b - 39 stones
Jewellery
 d - a ring of resist corrosion (left tentacle)
 k - a +6 ring of dexterity (right tentacle)
Scrolls
 c - 2 scrolls of identify {unknown}
 g - a scroll of magic mapping {unknown}
 i - a scroll of fog {unknown}
 m - a scroll of immolation {unknown}
Potions
 a - 3 potions of berserk rage {unknown}
 e - a potion of flight {unknown}
 h - a potion of curing {unknown}
 j - 3 potions of attraction {unknown}
 l - a potion of haste {unknown}
 n - a potion of invisibility {unknown}


   Skills:
 - Level 2.0 Dodging
 - Level 2.6 Stealth
 + Level 3.1 Spellcasting
 + Level 2.7 Transmutations
 + Level 4.0 Earth Magic


You had 9 spell levels left.
You knew the following spells:

 Your Spells              Type           Power      Damage    Failure   Level
a - Sandblast             Erth           36%        2d10      2%          1

Your spell library contained the following spells:

 Spells                   Type           Power      Damage    Failure   Level
 Passwall                 Tmut/Erth      12%        N/A       5%          2
 Stone Arrow              Conj/Erth      20%        3d8       21%         3
 Petrify                  Tmut/Erth      15%        N/A       36%         4


Dungeon Overview and Level Annotations

Branches:
Dungeon (3/15)

Altars:

Annotations:
D:1 exclusion: downstairs
D:3 Grinder


Innate Abilities, Weirdness & Mutations

You cannot wear most types of armour.
You are amphibious.
You can wear up to eight rings at the same time.
Your skin changes colour to match your surroundings (Stealth+).
Your rubbery body absorbs attacks. (AC +1, EV +1)
((You are camouflaged near water. (Stealth+)))
You have tentacles for arms and can constrict up to eight enemies at once.


Message History

You hit the ball python.
You kill the ball python!
HP restored.
Grinder comes into view.
Grinder is nearby!
Grinder shouts!
Grinder is nearby!
You closely miss Grinder. You grab Grinder. You squeeze Grinder.
Grinder is lightly wounded.
You constrict Grinder. Grinder hits you!
Grinder is nearby!
You hit Grinder.
Grinder convulses.
Grinder is moderately wounded.
You constrict Grinder, but do no damage.
Grinder closely misses you.
Grinder is nearby!
You hit Grinder.
Grinder convulses.
Grinder is moderately wounded.
You constrict Grinder. Grinder closely misses you.
Unknown command.
Casting: Sandblast (safe; 2% risk of failure)
Confirm with . or Enter, or press ? or * to list all spells.
Aiming: Sandblast (safe; 2% risk of failure)
Press: ? - help, Shift-Dir - straight line, f - Grinder
Aim: Grinder (moderately wounded, constricted by you, 98% to hit)
The blast of sand hits Grinder.
Grinder is heavily wounded.
You constrict Grinder. Grinder hits you!
You writhe in agony.
Casting: Sandblast (safe; 2% risk of failure)
Confirm with . or Enter, or press ? or * to list all spells.
Aiming: Sandblast (safe; 2% risk of failure)
Press: ? - help, Shift-Dir - straight line, f/p - Grinder
Aim: Grinder (heavily wounded, constricted by you, 98% to hit)
The blast of sand hits Grinder!
Grinder is almost dead.
You constrict Grinder.
Grinder says, "Just stop there for a second..."
Grinder gestures at you. Pain shoots through your body!
You die...

### # #.. .# .#
#.####.##... .#
###
#.##.5.....# .#
##.####.##@# .#
#..........# .#
#..####.#### .#
#..####... .#
#....##.### .##
#.##.##.# .<##
#.##.##.# ...##
#.......#
....######.####


You could see Grinder.

Vanquished Creatures
  Jessica (D:2)
  Robin (D:2)
  3 adders (D:2)
  A dart slug (D:1)
  7 bats
  5 endoplasms
  3 giant cockroaches
  17 goblins
  A hobgoblin (D:1)
  6 kobolds
  A quokka (D:1)
  3 ball pythons
  3 frilled lizards
  A rat (D:1)
53 creatures vanquished.

Notes
Turn   | Place    | Note
-------+----------+-------------------------------------------
     0 | D:1      | Atelerd the Octopode Earth Elementalist began the quest for
                  | the Orb.
     0 | D:1      | Reached XP level 1. HP: 11/11 MP: 3/3
   360 | D:1      | Reached XP level 2. HP: 17/17 MP: 3/5
  1096 | D:1      | Reached XP level 3. HP: 21/21 MP: 4/6
  1575 | D:2      | Noticed Robin
  1739 | D:2      | Noticed Jessica
  1747 | D:2      | Killed Jessica
  1748 | D:2      | Reached XP level 4. HP: 25/27 MP: 5/8
  2440 | D:2      | HP: 1/27 [goblin[Robin] (5)]
  2757 | D:2      | Killed Robin
  2964 | D:2      | Reached skill level 4 in Earth Magic
  2964 | D:2      | Reached XP level 5. HP: 21/31 MP: 7/9
  3420 | D:3      | Noticed Grinder
  3427 | D:3      | Killed from afar by Grinder

Illustrated notes

Levels and vault maps discovered:
D:1:      amcnicky_arrival_double_pillar, layout_basic
D:2:      layout_basic, minmay_misc_feat_more_columns,
          chequers_serial_rivers_small_3, minmay_fountain_box, uniq_jessica,
          uniq_robin
D:3:      layout_loops_corners, minivault_25, uniq_grinder

Skill      XL: |  1  2  3  4 |
---------------+-------------+-----
Transmutations | 2 |  2.7
Spellcasting   | 3 |  3.1
Earth Magic    | 4 |  4.0
Dodging        | |  2.0
Stealth        | |  2.6

Action                   |  1- 3 |  4- 6 || total
-------------------------+-------+-------++-------
Melee: Unarmed           |     9 |       ||     9
       Dagger            |    20 |    35 ||    55
       Tentacles         |     7 |     2 ||     9
       Constrict         |     6 |     7 ||    13
 Cast: Sandblast         |    27 |    16 ||    43
 Stab: Sleeping          |     6 |     2 ||     8
Armor: Skin              |     2 |    12 ||    14
Dodge: Dodged            |    14 |    47 ||    61
